 Dungeon Crawl Stone Soup version bcrawl-1.19.2-6-g6a88ae04c9 (webtiles) character file.

Game seed: 1445657245151749632

25833 Mrkan the Carver (level 12, -9/100 HPs)
             Began as a Minotaur Fighter on Jan 7, 2020.
             Was an Elder of Hepliaklqana.
             Killed from afar by a deep elf mage (28 damage)
             ... with a bolt of lightning
             ... on level 11 of the Dungeon.
             The game lasted 00:20:09 (11061 turns).

Mrkan the Carver (Minotaur Fighter)                Turns: 11061, Time: 00:20:10

Health: -9/100     AC: 17    Str: 27    XL:     12   Next: 93%
Magic:  14/14      EV:  8    Int:  5    God:    Hepliaklqana [****..]
Gold:   555        SH: 18    Dex: 17    Spells: 11/11 levels left

rFire    . . .     SeeInvis .   E - +9 falchion of Famine {drain, +Inv rPois rC+}
rCold    + . .     Gourm    .   c - +0 shield
rNeg     . . .     Faith    .   A - +1 chain mail of Polytheism {+Fly Str+5} (curse)
rPois    +         Spirit   .   (helmet restricted)
rElec    .         Reflect  .   (no cloak)
rCorr    .         Harm     .   I - +1 pair of gloves {Dex+3}
MR       .....                  H - +0 pair of boots
Stlth    ..........             m - amulet of regeneration
HPRegen  0.66/turn              t - ring of poison resistance
MPRegen  0.14/turn              (no ring)

@: no status effects
A: retaliatory headbutt, reduced essence, horns 2
a: Recall Ancestor, Ancestor Identity, Transference, Incarnate, Renounce
Religion, Evoke Invisibility, Evoke Flight


You were on level 11 of the Dungeon.
You worshipped Hepliaklqana.
Hepliaklqana was greatly pleased with you.
You were not hungry.

You visited 1 branch of the dungeon, and saw 11 of its levels.

You collected 731 gold pieces.
You spent 176 gold pieces at shops.

Inventory:

Hand Weapons
 b - a +1 triple sword of distortion
 s - the +1 glaive of Joerar {chop, Str+7}
   (You found it on level 4 of the Dungeon)

   It inflicts extra damage upon your enemies.
   It affects your strength (+7).
 E - the +9 falchion of Famine (weapon) {drain, +Inv rPois rC+}
   (You bought it in a shop on level 6 of the Dungeon)

   A truly terrible weapon, it drains the life of those it strikes.
   It protects you from cold.
   It protects you from poison.
   It lets you turn invisible.
Armour
 c - a +0 shield (worn)
 A - the cursed +1 chain mail of Polytheism (worn) {+Fly Str+5}
   (You found it on level 5 of the Dungeon)

   It affects your strength (+5).
   It lets you fly.
   It has a curse placed upon it.
 F - a +0 plate armour
 H - a +0 pair of boots (worn)
 I - a +1 pair of gloves of dexterity (worn)
Jewellery
 i - a +3 ring of intelligence
 m - an amulet of regeneration (around neck)
 t - a ring of poison resistance (left hand)
 O - a cursed amulet of inaccuracy {unknown}
Wands
 a - a wand of iceblast (13)
 d - a wand of random effects (4)
 C - a wand of clouds (7)
 J - a wand of flame (24)
 N - a wand of enslavement (8)
 P - a wand of paralysis (4)
Scrolls
 e - 6 scrolls of remove curse
 h - 14 scrolls of identify
 p - 2 scrolls of fog
 q - 2 scrolls of teleportation
 r - 3 scrolls of amnesia
 u - 3 scrolls of enchant armour
Potions
 g - a potion of agility
 j - 3 potions of brilliance {unknown}
 k - 3 potions of resistance {unknown}
 l - 2 potions of cancellation {unknown}
 n - a potion of degeneration {unknown}
 o - 2 potions of heal wounds {unknown}
 v - a potion of might
 w - a potion of mutation {unknown}
 B - a potion of lignification {unknown}
 D - 2 potions of curing
 G - a potion of experience {unknown}
 K - a potion of flight {unknown}
 L - 2 potions of magic {unknown}
 M - a potion of invisibility {unknown}
Comestibles
 f - 21 rations {!d}
 x - 6 chunks of flesh


   Skills:
 + Level 12.0 Fighting
 - Level 14.3 Long Blades
 + Level 11.9 Armour
 + Level 11.9 Shields
 + Level 4.2 Invocations
 * Level 5.3 Evocations


You had 11 spell levels left.
You didn't know any spells.
Your spell library contained the following spells:

 Spells                   Type           Power        Failure   Level  Hunger
 Beastly Appendage        Tmut           #.....       97%         1    ##.....
 Corona                   Hex            #......      97%         1    ##.....
 Summon Small Mammal      Summ           #...         97%         1    ##.....
 Call Imp                 Summ           #.....       99%         2    ###....
 Ensorcelled Hibernation  Hex/Ice        #.....       99%         2    ###....
 Sticks to Snakes         Tmut           #.......     99%         2    ###....
 Call Canine Familiar     Summ           #.......     100%        3    ####...
 Confuse                  Hex            #.......     100%        3    ####...
 Dazzling Spray           Conj/Hex       #.....       100%        3    ####...
 Spider Form              Tmut/Pois      #..          100%        3    ####...
 Tukima's Dance           Hex            #.......     100%        3    ####...
 Ice Form                 Ice/Tmut       #.......     100%        4    #####..
 Summon Ice Beast         Ice/Summ       #.......     100%        4    #####..
 Blade Hands              Tmut           #.........   100%        5    ######.
 Summon Lightning Spire   Summ/Air       #.......     100%        5    ######.


Dungeon Overview and Level Annotations

Branches:
Dungeon (11/12)            Temple (0/1) D:4            Lair (0/6) D:8
    Orc (0/1) D:8          Vaults (0/3) D:11

Altars:
Ashenzari
Cheibriados
Dithmenos
Gozag
Hepliaklqana
Lugonu
Makhleb
Qazlal
Ru
Vehumet
Yredelemnul
Zin
The Shining One

Shops:
D:4 [   D:6 (   D:10 (


Innate Abilities, Weirdness & Mutations

You reflexively headbutt those who attack you in melee.
You have a pair of horns on your head.
Your life essence is reduced to manifest your ancestor. (-10% HP)


Message History

Henutemipet is destroyed!
You barely miss the deep elf mage. Your headbutt misses the deep elf mage.
The deep elf mage is almost dead.
The deep elf mage points at you and mumbles some strange words.
The bolt of lightning hits you!
* * * LOW HITPOINT WARNING * * *
Some of the chunks of flesh in your inventory have rotted away.
You slash the deep elf mage!
You kill the deep elf mage!
Your Fighting skill increases to level 12!
The deep elf archer unwields a -1 dagger.
The deep elf archer wields a +0 longbow.
The deep elf archer shoots an arrow.
The arrow hits you!
* * * LOW HITPOINT WARNING * * *
You feel better.
The deep elf archer blinks!
The deep elf mage casts a spell.
The deep elf mage blinks!
The deep elf mage casts a spell at you. The bolt of lightning hits you!
You die...

#...#......#.........≈
≈≈......)
#...########.....####.
.###.....
#....[.......#####
#....# #....†.......#
###### ###..........#
...... #..........#
...... ####.......#
......
#....)..########.'.
......
#.........e@.....#
#....
#.).......#####....
..#####
#.........#...# .
.......
#..######.'...#
########## #..#
#.#...# #.........
#..# #.#...#
#....^.... #..# #.#
..# #......... ...#
#)# ..# #.........
..... .># ##
#.........


You could see a deep elf mage.

Vanquished Creatures
  A frost giant (D:10)
  A hydra (D:11)
  An ogre mage (D:9)
  3 centaur warriors (D:11)
  3 two-headed ogres
  3 skeletal warriors
  A necromancer (D:11)
  2 cyclopes
  3 ugly things
  A manticore (D:11)
  2 deep elf magi (D:11)
  Joseph (D:9)
  A komodo dragon (shapeshifter) (D:8)
  A kobold demonologist (D:11)
  2 trolls
  A meliai (shapeshifter) (D:10)
  A merfolk (D:9)
  A meliai zombie (D:7)
  5 hippogriffs
  2 slime creatures (D:10)
  A shadow (D:11)
  6 yaks (D:9)
  A wyvern (D:8)
  2 vampires
  3 hungry ghosts
  Menkaure (D:5)
  4 vampire mosquitoes (D:10)
  A water moccasin (D:8)
  A crocodile (D:10)
  4 ice beasts
  3 sky beasts
  4 orc warriors
  6 ogres
  An eye of draining (D:11)
  10 centaurs
  Blork the orc (D:5)
  4 bullfrogs
  A gnoll sergeant (D:6)
  A water moccasin skeleton (D:8)
  A wyvern skeleton (D:6)
  4 scorpions
  5 wights
  2 howler monkeys
  A bullfrog zombie (D:6)
  8 crimson imps
  2 hounds
  3 jellies
  7 orc priests
  2 gnoll shamans
  6 centaur skeletons
  An iguana (D:8)
  5 orc wizards
  7 worker ants
  11 gnolls
  14 adders
  2 shadow imps
  An ooze (D:3)
  An adder zombie (D:5)
  4 worms
  2 dart slugs
  4 leopard geckos
  28 orcs
  4 giant cockroaches (D:1)
  5 goblins
  8 hobgoblins
  11 jackals
  3 quokkas
  2 ball pythons
  4 bats
  A frilled lizard (D:1)
  A jackal skeleton (D:5)
  7 kobolds
  11 rats
269 creatures vanquished.

Vanquished Creatures (collateral kills)
  A catoblepas (D:10)
  A hydra (D:10)
  2 centaur skeletons
  A slime creature (D:10)
  A hippogriff (D:6)
  A crocodile (D:8)
  An ogre (D:8)
  A wight (D:9)
  A centaur zombie (D:7)
  An orc priest (D:4)
  A worker ant (D:4)
  A hound skeleton (D:9)
  A worker ant zombie (D:5)
  A gnoll (D:6)
  A dart slug (D:4)
  7 orcs
  A hobgoblin (D:3)
  4 jackals
  2 quokkas
  A leopard gecko skeleton (D:4)
31 creatures vanquished.

Vanquished Creatures (others)
  A centaur (D:11)
  2 hexers
  An ancestor (D:6)
4 creatures vanquished.

Grand Total: 304 creatures vanquished

Notes
Turn   | Place    | Note
-------+----------+-------------------------------------------
     0 | D:1      | Mrkan the Minotaur Fighter began the quest for the Orb.
     0 | D:1      | Reached XP level 1. HP: 19/19 MP: 0/0
   341 | D:1      | Reached XP level 2. HP: 27/27 MP: 1/1
   461 | D:1      | Reached skill level 3 in Long Blades
   745 | D:1      | Reached XP level 3. HP: 22/33 MP: 2/2
  1791 | D:3      | Reached XP level 4. HP: 32/40 MP: 3/3
  1798 | D:3      | Reached skill level 4 in Long Blades
  2141 | D:3      | Found a hazy altar of Hepliaklqana.
  2145 | D:3      | Became a worshipper of Hepliaklqana the Forgotten
  2267 | D:3      | Reached XP level 5. HP: 42/42 MP: 4/4
  2727 | D:3      | Found an opulent altar of Gozag.
  2770 | D:3      | Reached skill level 5 in Long Blades
  2777 | D:3      | Reached XP level 6. HP: 18/49 MP: 5/5
  3357 | D:4      | Reached skill level 5 in Fighting
  3357 | D:4      | Reached skill level 5 in Armour
  3357 | D:4      | Reached skill level 5 in Shields
  3381 | D:4      | Got a warped glaive
  3398 | D:3      | HP: 2/50 [poisoned by an orc]
  3405 | D:3      | HP: 1/50 [poisoned by an orc]
  3413 | D:3      | HP: 1/50 [poisoned by an orc]
  3721 | D:3      | Identified the +1 glaive of Joerar {chop, Str+7} (You found
                  | it on level 4 of the Dungeon)
  3757 | D:4      | Found Loatiufo's Armour Emporium.
  3779 | D:4      | Reached skill level 6 in Long Blades
  3785 | D:4      | Reached XP level 7. HP: 20/54 MP: 6/6
  3800 | D:4      | Found a staircase to the Ecumenical Temple.
  4509 | D:4      | Found a radiant altar of Vehumet.
  4510 | D:4      | Found a burning altar of Makhleb.
  4560 | D:5      | Entered Level 5 of the Dungeon
  4593 | D:5      | Noticed Menkaure
  4602 | D:5      | Killed Menkaure
  4673 | D:5      | Reached skill level 7 in Long Blades
  4709 | D:5      | Reached * piety under Hepliaklqana
  4969 | D:5      | Reached XP level 8. HP: 57/63 MP: 7/7
  4988 | D:5      | Got a slimy chain mail
  5032 | D:5      | Found a stormy altar of Qazlal.
  5032 | D:5      | Noticed Blork the orc
  5036 | D:5      | Found a glowing silver altar of Zin.
  5036 | D:5      | Found a glowing golden altar of the Shining One.
  5036 | D:5      | Found a sacrificial altar of Ru.
  5044 | D:5      | Killed Blork the orc
  5051 | D:5      | Found a corrupted altar of Lugonu.
  5052 | D:5      | Found a basalt altar of Yredelemnul.
  5402 | D:6      | Noticed a hippogriff
  5422 | D:5      | Reached skill level 8 in Long Blades
  5431 | D:6      | Killed a hippogriff
  5804 | D:6      | Reached skill level 9 in Long Blades
  5912 | D:6      | Reached XP level 9. HP: 21/71 MP: 8/8
  6039 | D:6      | Found Pupa Ysa's Antique Weapon Boutique.
  6045 | D:6      | Bought a brightly glowing falchion for 176 gold pieces
  6265 | D:7      | Reached skill level 10 in Long Blades
  6287 | D:7      | Identified the +9 falchion of Famine {drain, +Inv rPois
                  | rC+} (You bought it in a shop on level 6 of the Dungeon)
  6298 | D:7      | Identified the cursed +1 chain mail of Polytheism {+Fly
                  | Str+5} (You found it on level 5 of the Dungeon)
  6470 | D:7      | Reached ** piety under Hepliaklqana
  6873 | D:7      | Found an opulent altar of Gozag.
  7080 | D:8      | Noticed a cyan ugly thing
  7086 | D:8      | Killed a cyan ugly thing
  7086 | D:8      | Reached skill level 11 in Long Blades
  7122 | D:8      | Reached XP level 10. HP: 81/81 MP: 9/9
  7146 | D:8      | Remembered your ancestor Henutemipet as a hexer
  7229 | D:8      | Found a snail-covered altar of Cheibriados.
  7616 | D:8      | Found a staircase to the Orcish Mines.
  7624 | D:8      | Reached *** piety under Hepliaklqana
  7682 | D:8      | Found a shadowy altar of Dithmenos.
  7821 | D:8      | Found a staircase to the Lair.
  8028 | D:9      | Reached skill level 12 in Long Blades
  8202 | D:9      | Noticed a two-headed ogre
  8213 | D:9      | Killed a two-headed ogre
  8281 | D:9      | Noticed Joseph
  8301 | D:9      | Killed Joseph
  8301 | D:9      | Reached XP level 11. HP: 89/89 MP: 10/10
  8542 | D:9      | Found a shattered altar of Ashenzari.
  8542 | D:9      | Noticed an ogre mage
  8548 | D:9      | Killed an ogre mage
  8548 | D:9      | Reached skill level 10 in Fighting
  8548 | D:9      | Reached skill level 13 in Long Blades
  8548 | D:9      | Reached skill level 10 in Armour
  8548 | D:9      | Reached skill level 10 in Shields
  8678 | D:10     | Entered Level 10 of the Dungeon
  8678 | D:10     | Found Duppiluq's Antique Weapon Shop.
  8685 | D:10     | Noticed a two-headed ogre
  8703 | D:10     | Killed a two-headed ogre
  8841 | D:10     | Noticed a cyclops
  8847 | D:10     | Killed a cyclops
  8906 | D:10     | Noticed a catoblepas
  8915 | D:10     | Killed a catoblepas
  9225 | D:10     | Reached **** piety under Hepliaklqana
  9266 | D:10     | Noticed a skeletal warrior
  9266 | D:10     | Noticed a skeletal warrior
  9268 | D:10     | Noticed a skeletal warrior
  9289 | D:10     | Killed a skeletal warrior
  9289 | D:10     | Reached skill level 14 in Long Blades
  9436 | D:9      | Killed a skeletal warrior
  9521 | D:10     | Killed a skeletal warrior
  9676 | D:10     | Noticed a seven-headed hydra
  9686 | D:10     | Killed a nine-headed hydra
  9769 | D:10     | Reached XP level 12. HP: 99/99 MP: 11/11
  9788 | D:10     | Reached skill level 1 in Invocations
  9803 | D:10     | Noticed a frost giant
  9814 | D:10     | Killed a frost giant
  9814 | D:10     | Reached skill level 1 in Evocations
  9926 | D:10     | Identified a scroll of acquirement
 10222 | D:11     | Noticed a centaur warrior
 10235 | D:11     | Killed a centaur warrior
 10239 | D:11     | Noticed a six-headed hydra
 10249 | D:11     | Killed a 12-headed hydra
 10522 | D:11     | Noticed a two-headed ogre
 10529 | D:11     | Killed a two-headed ogre
 10552 | D:11     | Found a gate to the Vaults.
 10784 | D:11     | Noticed a centaur warrior
 10793 | D:11     | Killed a centaur warrior
 10972 | D:11     | Reached skill level 5 in Evocations
 10996 | D:11     | Noticed a centaur warrior
 11008 | D:11     | Killed a centaur warrior
 11061 | D:11     | Killed from afar by a deep elf mage

Skill      XL: |  1  2  3  4  5  6  7  8  9 10 11 12 |
---------------+-------------------------------------+-----
Long Blades    | 3 4 5 6 7 9 11 12 14 | 14.3
Fighting       | 4 5 6 7 8 9 11 12 | 12.0
Armour         | 4 5 6 7 8 9 11 | 11.9
Shields        | 4 5 6 7 8 9 11 | 11.9
Invocations    | 4 |  4.2
Evocations     | 5 |  5.3

Action                   |  1- 3 |  4- 6 |  7- 9 | 10-12 || total
-------------------------+-------+-------+-------+-------++-------
Melee: Long sword        |   115 |   144 |   276 |       ||   535
       Headbutt          |    12 |    23 |    59 |   149 ||   243
       Falchion          |       |       |    46 |   424 ||   470
Invok: Ancestor Identity |       |       |     1 |       ||     1
       Ancestor Life: He |       |       |       |     1 ||     1
Evoke: Wand              |       |       |       |     6 ||     6
  Use: Potion            |       |     1 |       |     2 ||     3
       Scroll            |       |     2 |     1 |     8 ||    11
 Stab: Distracted        |       |       |       |     9 ||     9
       Confused          |       |       |       |     5 ||     5
  Eat: Chunk             |     3 |     5 |     9 |    15 ||    32
       Ration            |       |     1 |       |       ||     1
Armor: Scale mail        |    52 |    52 |    96 |       ||   200
       Chain mail        |       |       |    11 |   114 ||   125
Dodge: Dodged            |    51 |    39 |    62 |    58 ||   210
Block: Shield            |    81 |    84 |   186 |   285 ||   636
